AoeStats
← connienbb

Nomad

504771026Analyzed
4v4 RM · 26d ago on Sep 6, 2026· 49m 21s· 8 players
Game mode
Random Map
Map size
231×231
Population
200
Speed
Normal
Resources
Standard
Victory
Conquest
Starting age
Dark Age
Ending age
Imperial Age
RankedLock teamsTeams togetherTeam positionsShared explorationLock speedFull tech treeHidden civsTurbo modeCheats
Victory
Defeat
🇦🇷 Vietnamese · Argentina
784
+14
🇺🇸 Ethiopians · United States
780
+15
🇦🇷 Mongols · Argentina
747
+16
🇮🇹 Poles · Italy
694
+18
🇪🇸 Mongols · Spain
848
-19
🇨🇳 Khmer · China
817
-19
🇺🇸 Britons · United States
670
-13
🇭🇰 Jurchens · Hong Kong SAR China
659
-12
AzureMan
5:33 Loom
15:12 Feudal Age
16:30 Wheelbarrow
15:55 Double-Bit Axe
22:06 Castle Age
20:03 Gold Mining
20:05 Stone Mining
23:35 Bow Saw
24:12 Hand Cart
24:31 Town Watch
27:57 Fletching
30:30 Horse Collar
31:43 Heavy Plow
35:15 Ballistics
38:09 Imperial Age
35:37 Bodkin Arrow
36:55 Arson
37:12 Squires
38:09 Crossbowman
39:58 Chemistry
39:02 Bracer
39:33 Padded Archer Armor
39:35 Murder Holes
40:57 Two-Man Saw
40:39 Thumb Ring
39:55 Arbalester
41:03 Town Patrol
41:37 Masonry
41:58 Conscription
43:59 Leather Archer Armor
45:20 Architecture
44:56 Siege Engineers
50:11 Ring Archer Armor
49:52 Forging
49:42 Scale Mail Armor
fedetiberio
6:27 Loom
21:52 Feudal Age
22:33 Town Watch
22:37 Double-Bit Axe
22:50 Stone Mining
22:53 Gold Mining
24:16 Fletching
25:20 Wheelbarrow
25:38 Fishing Lines
26:23 Padded Archer Armor
27:05 Horse Collar
31:32 Castle Age
32:10 Bodkin Arrow
32:35 Thumb Ring
31:51 Crossbowman
32:55 Hand Cart
33:31 Town Patrol
34:54 Leather Archer Armor
35:18 Gillnets
35:42 Nomads
39:38 Forging
39:29 Scale Mail Armor
41:58 Scale Barding Armor
46:10 Imperial Age
46:25 Bow Saw
46:56 Gold Shaft Mining
46:57 Stone Shaft Mining
47:38 Ballistics
48:18 Chemistry
48:15 Conscription
48:32 Hoardings
48:06 Capped Ram
Tubbi
16:44 Feudal Age
21:07 Castle Age
19:44 Fletching
20:32 Gold Mining
21:12 Double-Bit Axe
23:10 Bow Saw
23:47 Wheelbarrow
24:00 Bodkin Arrow
25:57 Ballistics
26:55 Forging
28:45 Stone Mining
30:27 Hand Cart
29:58 Town Watch
30:34 Loom
31:44 Town Patrol
34:52 Imperial Age
33:06 Treadmill Crane
35:00 Iron Casting
39:40 Chemistry
40:02 Stone Shaft Mining
40:45 Bracer
41:19 Paper Money
41:36 Padded Archer Armor
41:00 Pikeman
41:41 Squires
42:22 Halberdier
42:49 Arson
43:08 Scale Mail Armor
43:23 Leather Archer Armor
46:33 Elite Rattan Archer
Ste
3:59 Loom
15:49 Feudal Age
16:17 Double-Bit Axe
16:16 Horse Collar
17:45 Fishing Lines
18:54 Bloodlines
21:44 Castle Age
22:07 Scale Barding Armor
21:48 Light Cavalry
22:28 Husbandry
23:53 Wheelbarrow
23:28 Gillnets
26:59 Hand Cart
26:47 Heavy Plow
29:09 Gold Mining
29:09 Stone Mining
34:31 Stone Shaft Mining
34:35 Bow Saw
39:54 Imperial Age
40:37 Chain Barding Armor
40:04 Treadmill Crane
41:34 Crop Rotation
40:26 Winged Hussar
41:58 Cavalier
42:49 Szlachta Privileges
44:58 Conscription
45:02 Lechitic Legacy
48:34 Chemistry
48:13 Scale Mail Armor
Dumbzie
3:17 Loom
14:55 Feudal Age
MANTECOÑO63
15:22 Feudal Age
13:52 Loom
16:47 Fishing Lines
18:37 Double-Bit Axe
19:32 Wheelbarrow
21:46 Town Watch
24:31 Castle Age
23:26 Fletching
23:36 Padded Archer Armor
23:30 Stone Mining
23:32 Gold Mining
24:57 Bloodlines
25:05 Gillnets
26:08 Thumb Ring
27:11 Elite Skirmisher
34:34 Gold Shaft Mining
34:35 Stone Shaft Mining
35:38 Ballistics
35:53 Bodkin Arrow
39:42 Nomads
40:18 Hand Cart
40:04 Town Patrol
40:27 Leather Archer Armor
44:01 Imperial Age
45:13 Conscription
46:01 Chemistry
44:25 Capped Ram
46:26 Siege Ram
休闲海
15:43 Loom
17:29 Feudal Age
20:54 Man-at-Arms
24:38 Double-Bit Axe
27:36 Wheelbarrow
30:39 Castle Age
28:47 Horse Collar
29:19 Stone Mining
32:11 Husbandry
33:39 Murder Holes
33:56 Fortified Wall
36:25 Bow Saw
38:45 Tusk Swords
45:18 Heavy Plow
connienbb
7:49 Loom
21:12 Feudal Age
22:49 Double-Bit Axe
23:18 Horse Collar
26:17 Gold Mining
28:23 Stone Mining
32:41 Castle Age
31:01 Fletching
36:42 Bow Saw
39:39 Fishing Lines
40:11 Treadmill Crane
41:54 Wheelbarrow
42:21 Ballistics
Connection lost

Rejoining the realm…

Still unreachable

The connection could not be restored.

Session expired

The server has moved on; the page needs a fresh start.